SAAA
HOUSTON BC @ TORTOLITA DRUMMERS
05/21/2025
 
TOP OF THE 1ST
Houston BC batting - Pitching for Tortolita Drummers : RHP Michael Logan
Pitching: RHP Michael Logan
Batting: RHB Habbo Allaart 0-0: Foul Ball, location: 2F
0-1: Foul Ball, location: 2F
0-2: SINGLE (Line Drive, 6M)
Batting: LHB Álex Ramírez 0-0: Ball
1-0: Fly out, F7 (Line Drive, 78M)
Batting: RHB Joseph Gray 0-0: Ball
1-0: Called Strike
1-1: Ball
2-1: SINGLE (Groundball, 56D)
Habbo Allaart to second
Batting: RHB Alfredo Rivera 0-0: Ball
1-0: Grounds into double play, 6-4-3 (Groundball, 56)
Top of the 1st over - 0 run(s), 2 hit(s), 0 error(s), 1 left on base; Houston 0 - Tortolita 0
BOTTOM OF THE 1ST
Tortolita Drummers batting - Pitching for Houston BC : RHP Millard Taylor
Pitching: RHP Millard Taylor
Batting: SHB Juan Blanco 0-0: Ball
1-0: Foul Ball, location: 2F
1-1: Ball
2-1: Foul Ball, location: 2F
2-2: SINGLE (Line Drive, 89S)
Batting: RHB Kevin Sanderson 0-0: SINGLE (Groundball, 4MD)
Juan Blanco to second
Runner from 2nd tries for 3rd, SAFE, no throw
Batting: LHB Jim Unknown 0-0: Ground out 3-1 (Groundball, 34S)
Juan Blanco scores
Kevin Sanderson to second
Batting: RHB Stephen Blair 0-0: Fly out, F7 (Flyball, 7S)
Batting: LHB Rick Harrison 0-0: Ball
1-0: Ball
2-0: Called Strike
2-1: Called Strike
2-2: Foul Ball, location: 2F
2-2: Fly out, F8 (Flyball, 8RXD)
Bottom of the 1st over - 1 run(s), 2 hit(s), 0 error(s), 1 left on base; Houston 0 - Tortolita 1
TOP OF THE 2ND
Houston BC batting - Pitching for Tortolita Drummers : RHP Michael Logan
Batting: RHB Albert Delgado 0-0: Ball
1-0: Swinging Strike
1-1: Ground out 6-3 (Groundball, 56)
Batting: RHB António Sánchez 0-0: Called Strike
0-1: Ball
1-1: Swinging Strike
1-2: Ball
2-2: Strikes out swinging
Batting: RHB León Cabrera 0-0: Ball
1-0: Foul Ball, location: 2F
1-1: Ball
2-1: DOUBLE (Line Drive, 7LM)
Batting: RHB Marvin Hayes 0-0: Called Strike
0-1: Swinging Strike
0-2: Ball
1-2: Ball
2-2: Strikes out swinging
Top of the 2nd over - 0 run(s), 1 hit(s), 0 error(s), 1 left on base; Houston 0 - Tortolita 1
BOTTOM OF THE 2ND
Tortolita Drummers batting - Pitching for Houston BC : RHP Millard Taylor
Batting: RHB Álex Hernández 0-0: Ball
1-0: Ball
2-0: Swinging Strike
2-1: Ground out 5-3 (Groundball, 5)
Batting: LHB Mitchell Hansen 0-0: SINGLE (Groundball, 6D)
Batting: LHB Gonzalo Féliz 0-0: Ball
1-0: Foul Ball, location: 2F
1-1: Foul Ball, location: 2F
1-2: Ball
2-2: Fly out, F9 (Line Drive, 9)
Batting: RHB Santo Alba 0-0: Called Strike
0-1: Called Strike
0-2: Fielders Choice at 2nd, 4-6 (Groundball, 4)
Bottom of the 2nd over - 0 run(s), 1 hit(s), 0 error(s), 0 left on base; Houston 0 - Tortolita 1
TOP OF THE 3RD
Houston BC batting - Pitching for Tortolita Drummers : RHP Michael Logan
Batting: RHB Ludovico Trezza 0-0: Swinging Strike
0-1: Ball
1-1: Ball
2-1: Ball
3-1: Called Strike
3-2: Ground out 5-3 (Groundball, 5L)
Batting: RHB Habbo Allaart 0-0: SINGLE (Line Drive, 56)
Batting: LHB Álex Ramírez 0-0: Ball
Habbo Allaart steals 2nd base
1-0: Ball
2-0: Ground out U3 (Groundball, 34S)
Habbo Allaart to third
Batting: RHB Joseph Gray 0-0: Swinging Strike
0-1: Ball
1-1: Ball
2-1: Reached on error, E4 (Groundball, 4)
Habbo Allaart scores
Batting: RHB Alfredo Rivera 0-0: Ball
1-0: Called Strike
1-1: Swinging Strike
1-2: Strikes out swinging
Top of the 3rd over - 1 run(s), 1 hit(s), 1 error(s), 1 left on base; Houston 1 - Tortolita 1
BOTTOM OF THE 3RD
Tortolita Drummers batting - Pitching for Houston BC : RHP Millard Taylor
Batting: SHB Juan Blanco 0-0: Ball
1-0: Called Strike
1-1: Ball
2-1: Ball
3-1: Base on Balls
Batting: RHB Kevin Sanderson 0-0: Ball
1-0: Ball
Juan Blanco steals 2nd base
2-0: SINGLE (Line Drive, 9LS)
Juan Blanco to third
Batting: LHB Jim Unknown 0-0: Fly out, F7 (Flyball, 7LM)
Batting: RHB Stephen Blair 0-0: Called Strike
Kevin Sanderson steals 2nd base
0-1: Ball
1-1: Reached on error, E4 (Groundball, 4MS)
Juan Blanco scores
Kevin Sanderson scores
Batting: LHB Rick Harrison 0-0: Ball
1-0: Ball
2-0: Ground out 1-3 (Groundball, P)
Stephen Blair to third
Batting: RHB Álex Hernández 0-0: Called Strike
0-1: Ball
1-1: SINGLE (Flyball, 78S)
Stephen Blair scores
Batting: LHB Mitchell Hansen 0-0: Foul Ball, location: 2F
0-1: SINGLE (Line Drive, 8RS)
Álex Hernández to second
Runner from 2nd tries for 3rd, SAFE, throw made to third
Batting: LHB Gonzalo Féliz 0-0: Ball
1-0: Ball
2-0: Called Strike
2-1: Ball
3-1: Base on Balls
Mitchell Hansen to second
Batting: RHB Santo Alba 0-0: Fielders Choice at 2nd, 5-4 (Groundball, 56)
Bottom of the 3rd over - 3 run(s), 3 hit(s), 1 error(s), 2 left on base; Houston 1 - Tortolita 4
TOP OF THE 4TH
Houston BC batting - Pitching for Tortolita Drummers : RHP Michael Logan
Batting: RHB Albert Delgado 0-0: Ball
1-0: Called Strike
1-1: Ground out 1-3 (Groundball, P)
Batting: RHB António Sánchez 0-0: Foul Ball, location: 2F
0-1: Fly out, F7 (Line Drive, 78M)
Batting: RHB León Cabrera 0-0: Foul Ball, location: 2F
0-1: Foul Ball, location: 2F
0-2: Ball
1-2: Ball
2-2: Ground out 4-3 (Groundball, 4)
Top of the 4th over - 0 run(s), 0 hit(s), 0 error(s), 0 left on base; Houston 1 - Tortolita 4
BOTTOM OF THE 4TH
Tortolita Drummers batting - Pitching for Houston BC : RHP Millard Taylor
Batting: SHB Juan Blanco 0-0: Ball
1-0: Foul Ball, location: 2F
1-1: Reached on error, E3 (Groundball, 34)
Batting: RHB Kevin Sanderson 0-0: Foul Ball, location: 2F
0-1: Foul Ball, location: 2F
0-2: Ground out 6-3 (Groundball, 6S)
Juan Blanco to second
Batting: LHB Jim Unknown 0-0: Ball
1-0: Called Strike
1-1: Foul Ball, location: 2F
1-2: DOUBLE (Line Drive, 9LD)
Juan Blanco scores
Batting: RHB Stephen Blair 0-0: Ball
1-0: Called Strike
1-1: Ball
2-1: Foul Ball, location: 2F
2-2: Ball
3-2: Foul Ball, location: 2F
3-2: Foul Ball, location: 2F
3-2: Ground out 4-3 (Groundball, 4)
Jim Unknown to third
Batting: LHB Rick Harrison 0-0: Ball
1-0: Foul Ball, location: 2F
1-1: Ball
2-1: Foul Ball, location: 2F
2-2: Foul Ball, location: 2F
2-2: Strikes out swinging
Bottom of the 4th over - 1 run(s), 1 hit(s), 1 error(s), 1 left on base; Houston 1 - Tortolita 5
TOP OF THE 5TH
Houston BC batting - Pitching for Tortolita Drummers : RHP Michael Logan
Batting: RHB Marvin Hayes 0-0: Ball
1-0: Foul Ball, location: 2F
1-1: SINGLE (Groundball, 6D)
Batting: RHB Ludovico Trezza 0-0: Foul Ball, location: 2F
0-1: Ball
1-1: Swinging Strike
1-2: Foul Ball, location: 2F
1-2: SINGLE (Groundball, 34D)
Marvin Hayes to second
Runner from 2nd tries for 3rd, SAFE, throw made to third
Batting: RHB Habbo Allaart 0-0: Called Strike
0-1: Called Strike
0-2: Fly out, F8 (Flyball, 8LM)
Runner from 3rd tags up, SCORES, no throw
Batting: LHB Álex Ramírez 0-0: Called Strike
Ludovico Trezza steals 2nd base
0-1: Ball
1-1: SINGLE (Groundball, 34D)
Ludovico Trezza to third
Runner from 3rd tries for Home, SAFE, no throw
Batting: RHB Joseph Gray 0-0: Ball
1-0: DOUBLE (Flyball, 9LM)
Álex Ramírez to third
Batting: RHB Alfredo Rivera 0-0: Called Strike
0-1: Swinging Strike
0-2: Foul Ball, location: 2F
0-2: SINGLE (Line Drive, 7S)
Álex Ramírez scores
Joseph Gray to third
Batting: RHB Albert Delgado 0-0: Called Strike
0-1: Foul Ball, location: 2F
0-2: Strikes out swinging
Batting: RHB António Sánchez 0-0: Called Strike
0-1: Ground out 5-3 (Groundball, 56S)
Top of the 5th over - 3 run(s), 5 hit(s), 0 error(s), 2 left on base; Houston 4 - Tortolita 5
BOTTOM OF THE 5TH
Tortolita Drummers batting - Pitching for Houston BC : RHP Millard Taylor
Batting: RHB Álex Hernández 0-0: Ball
1-0: Called Strike
1-1: Foul Ball, location: 2F
1-2: Foul Ball, location: 2F
1-2: Fly out, F9 (Flyball, 89S)
Batting: LHB Mitchell Hansen 0-0: Foul Ball, location: 2F
0-1: Ball
1-1: Swinging Strike
1-2: Ball
2-2: Strikes out swinging, 2-3 out at first.
Batting: LHB Gonzalo Féliz 0-0: Ball
1-0: Ground out 6-3 (Groundball, 6)
Bottom of the 5th over - 0 run(s), 0 hit(s), 0 error(s), 0 left on base; Houston 4 - Tortolita 5
TOP OF THE 6TH
Houston BC batting - Pitching for Tortolita Drummers : RHP Michael Logan
Batting: RHB León Cabrera 0-0: Ball
1-0: Swinging Strike
1-1: Ball
2-1: Ball
3-1: Called Strike
3-2: Ground out 4-3 (Groundball, 4)
Batting: RHB Marvin Hayes 0-0: Foul Ball, location: 2F
0-1: Ground out 6-3 (Groundball, 6)
Batting: RHB Ludovico Trezza 0-0: SINGLE (Line Drive, 34D)
Batting: RHB Habbo Allaart 0-0: Ball
1-0: Called Strike
Ludovico Trezza steals 2nd base
1-1: SINGLE (Flyball, 4MD)
Ludovico Trezza to third
Runner from 3rd tries for Home, SAFE, no throw
Batting: LHB Álex Ramírez 0-0: Ball
1-0: Foul Ball, location: 2F
1-1: Ball
2-1: Fielders Choice at 2nd, 4-6 (Groundball, 4)
Top of the 6th over - 1 run(s), 2 hit(s), 0 error(s), 0 left on base; Houston 5 - Tortolita 5
BOTTOM OF THE 6TH
Tortolita Drummers batting - Pitching for Houston BC : RHP Millard Taylor
Batting: RHB Santo Alba 0-0: Called Strike
0-1: Swinging Strike
0-2: Foul Ball, location: 2F
0-2: Strikes out swinging
Batting: SHB Juan Blanco 0-0: Called Strike
0-1: Foul Ball, location: 2F
0-2: Ball
1-2: DOUBLE (Line Drive, 7LM)
Batting: RHB Kevin Sanderson 0-0: Fly out, F8 (Flyball, 89S)
Batting: LHB Jim Unknown 0-0: Called Strike
0-1: Swinging Strike
0-2: Ball
1-2: Ball
2-2: Fly out, F8 (Line Drive, 8LXD)
Bottom of the 6th over - 0 run(s), 1 hit(s), 0 error(s), 1 left on base; Houston 5 - Tortolita 5
TOP OF THE 7TH
Houston BC batting - Pitching for Tortolita Drummers : RHP Michael Logan
Batting: RHB Joseph Gray 0-0: Swinging Strike
0-1: Ball
1-1: SINGLE (Groundball, 4D)
Batting: RHB Alfredo Rivera 0-0: Ball
1-0: Ball
2-0: Foul Ball, location: 2F
2-1: Foul Ball, location: 2F
2-2: Fly out, F9 (Flyball, 9)
Pitching: RHP Luis Cardona
Pinch Hitting: LHB Jim Unknown 0-0: Ball
1-0: Foul Ball, location: 2F
1-1: Ball
2-1: Ball
3-1: Base on Balls
Joseph Gray to second
Batting: RHB António Sánchez 0-0: Ball
1-0: Ball
2-0: Ball
3-0: Base on Balls
Joseph Gray to third
Jim Unknown to second
Batting: RHB León Cabrera 0-0: Swinging Strike
0-1: Ball
1-1: Foul Ball, location: 2F
1-2: Strikes out swinging
Pinch Hitting: RHB Jorge Quezada 0-0: Called Strike
0-1: Fly out, F8 (Flyball, 8LD)
Top of the 7th over - 0 run(s), 1 hit(s), 0 error(s), 3 left on base; Houston 5 - Tortolita 5
BOTTOM OF THE 7TH
Tortolita Drummers batting - Pitching for Houston BC : RHP Millard Taylor
Pitching: RHP Colm Soto
Now at SS: Dennis Morrow
Now in RF: Jim Unknown
Batting: RHB Stephen Blair 0-0: Called Strike
0-1: Fly out, F8 (Line Drive, 78M)
Batting: LHB Rick Harrison 0-0: Ball
1-0: Foul Ball, location: 2F
1-1: Swinging Strike
1-2: Foul Ball, location: 2F
1-2: Foul Ball, location: 2F
1-2: Ball
2-2: Strikes out swinging
Batting: RHB Álex Hernández 0-0: Ball
1-0: Ball
2-0: Ball
3-0: Called Strike
3-1: Swinging Strike
3-2: Base on Balls
Batting: LHB Mitchell Hansen 0-0: Called Strike
0-1: Foul Ball, location: 2F
0-2: Foul Ball, location: 2F
0-2: Ball
1-2: Ball
2-2: Foul Ball, location: 2F
2-2: SINGLE (Groundball, 56D)
Álex Hernández to second
Batting: LHB Gonzalo Féliz 0-0: Called Strike
0-1: Called Strike
0-2: Ball
1-2: Ground out 1-3 (Groundball, 13S)
Bottom of the 7th over - 0 run(s), 1 hit(s), 0 error(s), 2 left on base; Houston 5 - Tortolita 5
TOP OF THE 8TH
Houston BC batting - Pitching for Tortolita Drummers : RHP Luis Cardona
Batting: RHB Ludovico Trezza 0-0: Called Strike
0-1: Called Strike
0-2: Ball
1-2: Foul Ball, location: 2F
1-2: Ground out 6-3 (Groundball, 56)
Batting: RHB Habbo Allaart 0-0: Swinging Strike
0-1: Ground out 6-3 (Groundball, 6)
Batting: LHB Álex Ramírez 0-0: Swinging Strike
0-1: Called Strike
0-2: Ball
1-2: Ball
2-2: DOUBLE (Flyball, 9)
Batting: RHB Joseph Gray 0-0: Ball
1-0: Swinging Strike
1-1: Ball
2-1: Ball
3-1: Base on Balls
Batting: RHB Alfredo Rivera 0-0: Ground out U3 (Groundball, 34)
Top of the 8th over - 0 run(s), 1 hit(s), 0 error(s), 2 left on base; Houston 5 - Tortolita 5
BOTTOM OF THE 8TH
Tortolita Drummers batting - Pitching for Houston BC : RHP Colm Soto
Pinch Hitting: RHB Robby Thomas 0-0: Called Strike
0-1: Ball
1-1: Called Strike
1-2: Ball
2-2: Ball
3-2: Foul Ball, location: 2F
3-2: Fly out, F8 (Flyball, 78S)
Batting: SHB Juan Blanco 0-0: Hit by Pitch
Pinch Hitting: LHB Adrián Franco 0-0: Ball
1-0: Ball
Throwing error on steal attempt, E2
Juan Blanco to third
2-0: Foul Ball, location: 2F
2-1: Foul Ball, location: 2F
2-2: SINGLE (Flyball, 56D)
Juan Blanco scores
Batting: LHB Jim Unknown 0-0: Ball
1-0: Foul Ball, location: 2F
1-1: Ball
2-1: Fly out, F9 (Flyball, 9LS)
Batting: RHB Stephen Blair 0-0: Called Strike
0-1: Ball
1-1: Called Strike
1-2: Foul Ball, location: 2F
1-2: Ball
2-2: Ball
3-2: Strikes out swinging
Bottom of the 8th over - 1 run(s), 1 hit(s), 1 error(s), 1 left on base; Houston 5 - Tortolita 6
TOP OF THE 9TH
Houston BC batting - Pitching for Tortolita Drummers : RHP Luis Cardona
Pitching: RHP Pedro Figueroa
Now at 1B: Adrián Franco
Now at 3B: Domingo García
Batting: LHB Jim Unknown 0-0: Swinging Strike
0-1: Ball
1-1: Ground out U3 (Groundball, 34)
Batting: RHB António Sánchez 0-0: Ball
1-0: Fly out, F4 (Line Drive, 34)
Batting: RHB León Cabrera 0-0: Swinging Strike
0-1: Swinging Strike
0-2: Strikes out swinging
Top of the 9th over - 0 run(s), 0 hit(s), 0 error(s), 0 left on base; Houston 5 - Tortolita 6
Friday, December 30th, 2016 - OOTP Baseball 17.12 Build 75